 Dungeon Crawl Stone Soup version 0.29-a0-676-ga64570c9d2 (webtiles) character file.

Game seed: 10388776904145924789

2773 blackman the Cleaver (level 10, -5/70 HPs)
             Began as a Human Delver on June 24, 2022.
             Was an Elder of Zin.
             Shot with an arrow by a centaur warrior (18 damage)
             ... on level 8 of the Dungeon.
             The game lasted 00:26:34 (12521 turns).

blackman the Cleaver (Human Delver)                Turns: 12521, Time: 00:26:34

Health: -5/70      AC: 18    Str: 16    XL:     10   Next: 1%
Magic:  11/11      EV:  4    Int: 12    God:    Zin [****..]
Gold:   158        SH:  0    Dex: 14    Spells: 9/9 levels left

rFire   . . .      SeeInvis +   J - +5 halberd
rCold   . . .      Faith    .   (shield currently unavailable)
rNeg    + . .      Spirit   .   D - +3 plate armour of Okawaru's Esteem {rC+ SInv}
rPois   .          Reflect  .   L - +0 helmet
rElec   .          Harm     .   N - +0 cloak
rCorr   +          Rampage  .   O - +2 pair of gloves "Juneh" {rC- SInv Stlth+}
Will    .....                   (no boots)
Stlth   ..........              (no amulet)
HPRegen 0.21/turn               q - ring of positive energy
MPRegen 0.12/turn               v - ring of resist corrosion

@: no status effects
A: no striking features
a: Renounce Religion, Recite, Vitalisation, Imprison, Donate Gold


You were on level 8 of the Dungeon.
You worshipped Zin.
Zin was greatly pleased with you.
You visited 2 branches of the dungeon, and saw 9 of its levels.

You collected 353 gold pieces.
You donated 195 gold pieces to Zin.

Inventory:

Hand Weapons
 a - a +0 spear
 m - a +0 war axe
 x - the +7 hand axe of the Hurtling Gods {holy, rN+ Int+2}
   (You took it off an orc on level 3 of the Dungeon)

   It has been blessed by the Shining One to cause great damage to the undead
   and demons.
   Int:       It affects your intelligence (+2).
   rN:        It protects you from negative energy.
 y - a +0 glaive
 H - a +0 whip
 J - a +5 halberd (weapon)
Missiles
 k - 4 boomerangs (quivered)
 o - 18 poisoned darts
Armour
 b - a +0 leather armour
 h - a +0 chain mail
 D - the +3 plate armour of Okawaru's Esteem (worn) {rC+ SInv}
   (You found it on level 5 of the Dungeon)

   rC:        It protects you from cold.
   SInv:      It lets you see invisible.
 L - a +0 helmet (worn)
 N - a +0 cloak (worn)
 O - the +2 pair of gloves "Juneh" (worn) {rC- SInv Stlth+}
   (You found it on level 7 of the Dungeon)

   rC:        It makes you vulnerable to cold.
   SInv:      It lets you see invisible.
   Stlth:     It makes you more stealthy.
Jewellery
 q - a ring of positive energy (left hand)
 v - a ring of resist corrosion (right hand)
 F - a +4 ring of protection
Wands
 e - a wand of flame (12)
 g - a wand of digging (2)
Scrolls
 c - 3 scrolls of fog
 d - 3 scrolls of teleportation
 j - 3 scrolls of amnesia
 l - 2 scrolls of poison
 r - a scroll of enchant weapon
 s - 2 scrolls of vulnerability
 t - 5 scrolls of noise
 w - a scroll of silence
 A - a scroll of blinking
 E - 3 scrolls of summoning
 M - a scroll of identify
Potions
 f - 2 potions of haste
 i - a potion of mutation {unknown}
 n - 3 potions of ambrosia
 p - a potion of heal wounds
 u - 5 potions of attraction
 z - a potion of brilliance
 B - a potion of degeneration
 C - a potion of flight
 G - 2 potions of cancellation {unknown}
 I - 2 potions of might
 K - 4 potions of curing


   Skills:
 - Level 3.0 Fighting
 - Level 9.1(10.7) Axes
 * Level 9.1(10.8) Polearms
 - Level 2.0 Dodging
 - Level 5.0 Stealth
 * Level 2.6 Invocations


You had 9 spell levels left.
You didn't know any spells.
Your spell library contained the following spells:

 Spells                   Type           Power      Damage    Failure   Level
 Freeze                   Ice            0%         1d3       100%        1
 Slow                     Hex            0%         N/A       100%        1
 Confusing Touch          Hex            0%         N/A       100%        3
 Frozen Ramparts          Ice            0%         1d2       100%        3
 Ignite Poison            Fire/Tmut/Pois 0%         N/A       100%        3
 Mephitic Cloud           Conj/Pois/Air  0%         N/A       100%        3
 Vampiric Draining        Necr           0%         2d6       100%        3
 Hailstorm                Conj/Ice       0%         3d3       100%        4
 Freezing Cloud           Conj/Ice/Air   0%         6-21      100%        5


Dungeon Overview and Level Annotations

Branches:
Dungeon (8/15)             Temple (1/1) D:5
   Lair: D:8-11

Altars:
Cheibriados
Dithmenos
Elyvilon
Fedhas
Hepliaklqana
Kikubaaqudgha
Makhleb
Nemelex Xobeh
Okawaru
Qazlal
Ru
Trog
Uskayaw
Vehumet
Wu Jian
Xom
Yredelemnul
Zin
The Shining One

Shops:
D:7 *!


Message History

There is an escape hatch in the ceiling here.
You see here 8 stones.
You feel your willpower return.
Items here: ))) [.
There is an escape hatch in the floor here.
There is a stone staircase leading down here.
You climb downwards.
There is a stone staircase leading up here.
Found a ring mail.
Unknown command.
Key pressed, stopping explore.
A cyclops comes into view.
Found a pitted ivory amulet.
The cyclops shouts!
You hear a shout!
A cyclops is nearby!
Press: ? - help, v - describe, . - travel
Here: a cyclops, quivering large rocks (fire blocked by a translucent rock wall)
The floor.
Throw: 4 boomerangs
Press: ? - help, Q - select action, (/) - cycle Shift-Dir - straight line, f - you
Okay, then.
Unknown command.
A centaur warrior comes into view.
There are monsters nearby!
There are monsters nearby!
The centaur warrior wields a +0 shortbow.
The centaur warrior shoots an arrow.
The arrow hits you!
The centaur warrior shoots an arrow.
The arrow hits you.
The centaur warrior shoots an arrow.
The arrow hits you.
The centaur warrior shoots an arrow.
The arrow hits you!
The centaur warrior shoots an arrow.
The arrow completely misses you.
The centaur warrior shoots an arrow.
The arrow hits you!
The centaur warrior shoots an arrow.
The arrow hits you!
The centaur warrior shoots an arrow.
The arrow hits you.
* * * LOW HITPOINT WARNING * * *
There is a stone staircase leading up here.
The centaur warrior shoots an arrow.
The arrow hits you.
* * * LOW HITPOINT WARNING * * *
The centaur warrior shoots an arrow.
The arrow hits you!!
You die...

### #.######
#....c.#
#.####.# #.#
#.# ### #.#
#.# #.# #.#
#.# #.# #.#
#@# #.# #.#
### #.####c#
.# #......#
.. #......#
..####......#
....##.....[#
....##......#
....##......#


You could see a centaur warrior.

Vanquished Creatures
  Maggie (D:7)
  Sigmund (D:3)
  2 water moccasins
  An orc warrior (D:7)
  A black bear (D:6)
  3 ogres
  A phantom (D:5)
  2 bullfrogs
  A necrophage (D:4)
  2 scorpions
  4 killer bees
  6 howler monkeys (D:5)
  3 hounds
  An iron imp (D:4)
  2 jellies
  A gnoll shaman (D:4)
  2 orc priests (D:7)
  3 iguanas
  4 orc wizards
  21 gnolls
  5 adders
  A white imp (D:7)
  2 worms
  4 dart slugs
  39 orcs
  2 bats (D:1)
  6 endoplasms
  5 giant cockroaches
  8 goblins
  11 hobgoblins
  15 jackals
  6 kobolds
  2 quokkas
  7 ball pythons
  9 rats
184 creatures vanquished.

Vanquished Creatures (others)
  A fungus (D:5)
  3 plants (D:5)
4 creatures vanquished.

Grand Total: 188 creatures vanquished

Notes
Turn   | Place    | Note
-------+----------+-------------------------------------------
     0 | D:5      | blackman the Human Delver began the quest for the Orb.
     0 | D:5      | Reached XP level 1. HP: 18/18 MP: 1/1
    12 | D:5      | Found a staircase to the Ecumenical Temple.
    21 | Temple   | Entered the Ecumenical Temple
   297 | Temple   | Became a worshipper of Elyvilon the Healer
   394 | D:2      | Reached XP level 2. HP: 22/24 MP: 2/2
   717 | D:1      | Reached skill level 1 in Axes
   794 | D:1      | Reached XP level 3. HP: 29/29 MP: 3/3
   803 | D:1      | Reached * piety under Elyvilon
  1362 | D:2      | Found a burning altar of Makhleb.
  1716 | D:2      | Reached XP level 4. HP: 31/35 MP: 4/4
  2184 | D:3      | Reached XP level 5. HP: 35/41 MP: 5/5
  2236 | D:3      | Noticed Sigmund
  2279 | D:3      | Killed Sigmund
  2280 | D:3      | Reached skill level 5 in Axes
  2280 | D:3      | Reached XP level 6. HP: 14/47 MP: 6/6
  3045 | D:3      | Noticed a water moccasin
  3414 | D:4      | Noticed a steam dragon
  4541 | D:4      | Found a snail-covered altar of Cheibriados.
  5166 | D:3      | Killed a water moccasin
  5167 | D:3      | Reached XP level 7. HP: 43/52 MP: 7/7
  5749 | D:4      | Identified the +7 hand axe of the Hurtling Gods {holy, rN+
                  | Int+2}
  5766 | D:3      | HP: 2/52 [orc/the +7 hand axe of the Hurtling Gods {holy,
                  | rN+ Int+2} (8)]
  6620 | D:4      | Reached ** piety under Elyvilon
  6976 | D:4      | Found an iron altar of Okawaru.
  6977 | D:4      | Found a shimmering altar of Xom.
  7160 | D:4      | Reached XP level 8. HP: 32/58 MP: 8/8
  7379 | D:4      | Found a burning altar of Makhleb.
  7765 | D:5      | Identified the +3 plate armour of Okawaru's Esteem {rC+
                  | SInv}
  7808 | D:5      | Found a hazy altar of Hepliaklqana.
  7808 | D:5      | Found a blossoming altar of Fedhas.
  8026 | D:5      | Reached *** piety under Elyvilon
  9592 | D:5      | Reached skill level 5 in Polearms
  9641 | D:5      | Reached XP level 9. HP: 63/63 MP: 9/9
  9770 | Temple   | Fell from the grace of Elyvilon
  9770 | Temple   | Became a worshipper of Zin the Law-Giver
  9770 | Temple   | Reached * piety under Zin
  9770 | Temple   | Reached ** piety under Zin
 10398 | D:6      | HP: 2/63 [ogre/+0 giant club (21)]
 11107 | D:7      | Found Guuhaptifirch's General Store.
 11171 | D:7      | Identified the +2 pair of gloves "Juneh" {rC- SInv Stlth+}
 11193 | D:7      | Noticed Maggie
 11401 | D:7      | Reached *** piety under Zin
 11566 | D:7      | Reached **** piety under Zin
 11588 | D:7      | Found Suecwaraock's Distillery.
 11629 | D:7      | Donated 160 gold pieces to Zin
 12256 | D:7      | Reached skill level 1 in Invocations
 12392 | D:7      | Killed Maggie
 12393 | D:7      | Reached XP level 10. HP: 70/70 MP: 9/11
 12493 | D:8      | Noticed a cyclops
 12494 | D:8      | Noticed a centaur warrior
 12521 | D:8      | Shot with an arrow by a centaur warrior

Illustrated notes

Levels and vault maps discovered:
D:1:      psy_arrival_statuary, layout_basic
D:2:      layout_loops_cross, basic_altar
D:3:      layout_loops_cross, wad_orctagon, uniq_sigmund
D:4:      layout_loops_cross, chei_slow_surprise, lightli_temple_of_fire,
          gammafunk_temple_overflow_pools
D:5:      lemuel_castle_with_subvaults [lemuel_castle_interior_carwin_2],
          layout_gridville, gammafunk_temple_overflow_statue,
          minmay_temple_entry_drinking_statues, grunt_decor_resistance,
          hangedman_decor_peaks_small, glass_columns_a
D:6:      layout_rooms, kennysheep_generic_room_11
D:7:      layout_basic, serial_shops,
          nicolae_shop_temple_entry_statues_fountains, nicolae_shop_statue_plus,
          uniq_maggie
D:8:      layout_basic, erik_lair_dragon, serial_corexii_hall,
          chequers_hall_statues_corner_a, corexii_hall_statues_t, minmay_radiant
Temple:   cyrus_circular_temple

Skill      XL: |  1  2  3  4  5  6  7  8  9 |
---------------+----------------------------+-----
Axes           | 1 2 3 5 6 7 9 |  9.1
Polearms       | 3 4 5 9 |  9.1
Invocations    | 2 |  2.6
Fighting       | |  3.0
Dodging        | |  2.0
Stealth        | |  5.0

Action                   |  1- 3 |  4- 6 |  7- 9 | 10-12 || total
-------------------------+-------+-------+-------+-------++-------
Melee: Spear             |   105 |       |       |       ||   105
       War axe           |    37 |   150 |    14 |       ||   201
       Hand axe          |       |       |   153 |       ||   153
       Glaive            |       |       |    12 |       ||    12
       Halberd           |       |       |   179 |       ||   179
       Punch             |       |       |     1 |       ||     1
Throw: Dart              |       |       |     4 |       ||     4
       Boomerang         |       |       |     3 |       ||     3
Invok: Recite            |       |       |     1 |       ||     1
       Donate Gold       |       |       |     1 |       ||     1
Evoke: Wand              |     1 |       |    16 |       ||    17
  Use: Scroll            |     1 |     2 |    16 |       ||    19
       Potion            |       |     2 |     6 |       ||     8
 Stab: Sleeping          |     5 |       |       |       ||     5
       Paralysed         |       |       |     4 |       ||     4
Armor: Leather armour    |    14 |       |       |       ||    14
       Chain mail        |    48 |    62 |    31 |       ||   141
       Plate armour      |       |       |   227 |       ||   227
Dodge: Dodged            |    42 |    47 |    73 |     1 ||   163

Table legend: (Time is in decaauts)
 A = Elapsed time spent in this place.
 B = Non-inter-level travel time spent in this place.
 C = Inter-level travel time spent in this place.
 D = Time resting spent in this place.
 E = Time spent auto-exploring this place.
 F = Levels seen in this place.
 G = Mean time per level.
                   A        B        C        D        E       F      G
               +--------+--------+--------+--------+--------+-----+--------+
         Total |  12548 |  11997 |    551 |   4196 |   6140 |   9 | 1394.2 |
       Dungeon |  11730 |  11235 |    495 |   3726 |   5895 |   8 | 1466.2 |
        Temple |    818 |    762 |     56 |    470 |    245 |   1 |  818.0 |
               +--------+--------+--------+--------+--------+-----+--------+

Top non-repeatable levels by time:
     D:3: 4056 daAuts
     D:5: 2190 daAuts
     D:4: 1514 daAuts
     D:6: 1358 daAuts
     D:7: 907 daAuts
     D:2: 857 daAuts
  Temple: 818 daAuts
     D:1: 782 daAuts
     D:8: 62 daAuts
